TOP OF THE 1ST |
San Mateo Dirty Reds batting - Pitching for Ft. Worth Cattlemen : RHP Armando Romano
|
Pitching: RHP Armando Romano
|
|
Batting: LHB Richard Edwards
|
0-0: Foul Ball, location: 2F 0-1: Ball 1-1: Foul Ball, location: 2F 1-2: Foul Ball, location: 2F 1-2: Foul Ball, location: 2F 1-2: Strikes out looking
|
Batting: RHB Zahid Kashani
|
0-0: Ball 1-0: Foul Ball, location: 2F 1-1: Foul Ball, location: 2F 1-2: Ball 2-2: Fly out, F5 (Popup, 5SF, EV 70.6 MPH)
|
Batting: LHB Palaie Gaoteote
|
0-0: Called Strike 0-1: Ball 1-1: Swinging Strike 1-2: Ball 2-2: Ground out U3 (Groundball, 3, EV 86.2 MPH)
|
Top of the 1st over - 0 runs, 0 hits, 0 errors, 0 left on base; San Mateo 0 - Ft. Worth 0 |
BOTTOM OF THE 1ST |
Ft. Worth Cattlemen batting - Pitching for San Mateo Dirty Reds : RHP Michael Machen
|
Pitching: RHP Michael Machen
|
|
Batting: RHB Dennis Wacher
|
0-0: Foul Ball, location: 2F 0-1: Ball 1-1: Called Strike 1-2: Ball 2-2: Foul Ball, location: 2F 2-2: Ground out 5-3 (Groundball, 56S, EV 85.0 MPH)
|
Batting: LHB Semo Hoaloha
|
0-0: Ball 1-0: Ball 2-0: Foul Ball, location: 2F 2-1: Foul Ball, location: 2F 2-2: Ball 3-2: Foul Ball, location: 2F 3-2: Ground out 6-3 (Groundball, 6, EV 86.9 MPH)
|
Batting: LHB Craig Woods
|
0-0: Foul Ball, location: 2F 0-1: Ball 1-1: Ground out U3 (Groundball, 3, EV 85.0 MPH)
|
Bottom of the 1st over - 0 runs, 0 hits, 0 errors, 0 left on base; San Mateo 0 - Ft. Worth 0 |
TOP OF THE 2ND |
San Mateo Dirty Reds batting - Pitching for Ft. Worth Cattlemen : RHP Armando Romano
|
Batting: RHB Tae-cho Han
|
0-0: Called Strike 0-1: Ball 1-1: Ball 2-1: Foul Ball, location: 2F 2-2: Ball 3-2: DOUBLE (Flyball, 89D, EV 86.9 MPH)
|
Batting: RHB Kawenaula Alohalani
|
0-0: Called Strike 0-1: Ball 1-1: Ball 2-1: Called Strike 2-2: Ball 3-2: Foul Ball, location: 2F 3-2: Base on Balls
|
Batting: LHB Tom Burton
|
0-0: Swinging Strike 0-1: Ball 1-1: Called Strike 1-2: Ball 2-2: Grounds into double play, 5-4-3 (Groundball, 5S, EV 87.5 MPH) Tae-cho Han to third
|
Batting: LHB Quitério Ruah
|
0-0: Called Strike 0-1: Fly out, F9 (Flyball, 9LS, EV 86.2 MPH)
|
Top of the 2nd over - 0 runs, 1 hit, 0 errors, 1 left on base; San Mateo 0 - Ft. Worth 0 |
BOTTOM OF THE 2ND |
Ft. Worth Cattlemen batting - Pitching for San Mateo Dirty Reds : RHP Michael Machen
|
Batting: SHB Kolby Hay
|
0-0: Called Strike 0-1: Ground out 6-3 (Groundball, 6, EV 76.9 MPH)
|
Batting: RHB Derek Bangert
|
0-0: Ball 1-0: Ball 2-0: Called Strike 2-1: Foul Ball, location: 2F 2-2: Foul Ball, location: 2F 2-2: Foul Ball, location: 2F 2-2: Strikes out looking
|
Batting: LHB Count Dante
|
0-0: Foul Ball, location: 2F 0-1: DOUBLE (Flyball, 78XD, EV 109.4 MPH)
|
Batting: RHB Tsuneari Hirano
|
0-0: Called Strike 0-1: Called Strike 0-2: Strikes out swinging
|
Bottom of the 2nd over - 0 runs, 1 hit, 0 errors, 1 left on base; San Mateo 0 - Ft. Worth 0 |
TOP OF THE 3RD |
San Mateo Dirty Reds batting - Pitching for Ft. Worth Cattlemen : RHP Armando Romano
|
Batting: RHB Jesús Gómez
|
0-0: Called Strike 0-1: Foul Ball, location: 2F 0-2: Ball 1-2: Foul Ball, location: 2F 1-2: Ground out 4-3 (Groundball, 4, EV 91.9 MPH)
|
Batting: RHB Ambrose Watkins
|
0-0: Ball 1-0: Ball 2-0: SINGLE (Line Drive, 34, EV 98.8 MPH)
|
Batting: LHB Richard Edwards
|
0-0: Foul Ball, location: 2F 0-1: Foul Ball, location: 2F 0-2: Ball 1-2: Ball 2-2: Ball 3-2: Grounds into double play, 5-4-3 (Groundball, 5, EV 84.4 MPH)
|
Top of the 3rd over - 0 runs, 1 hit, 0 errors, 0 left on base; San Mateo 0 - Ft. Worth 0 |
BOTTOM OF THE 3RD |
Ft. Worth Cattlemen batting - Pitching for San Mateo Dirty Reds : RHP Michael Machen
|
Batting: RHB Lonnie Doble
|
0-0: Foul Ball, location: 2F 0-1: Ground out 5-3 (Groundball, 56S, EV 89.4 MPH)
|
Batting: RHB Mun-wah Law
|
0-0: Called Strike 0-1: Ball 1-1: Called Strike 1-2: Ball 2-2: Fly out, F8 (Line Drive, 8RD, EV 95.0 MPH)
|
Batting: RHB Dennis Wacher
|
0-0: Foul Ball, location: 2F 0-1: Foul Ball, location: 2F 0-2: Strikes out swinging
|
Bottom of the 3rd over - 0 runs, 0 hits, 0 errors, 0 left on base; San Mateo 0 - Ft. Worth 0 |
TOP OF THE 4TH |
San Mateo Dirty Reds batting - Pitching for Ft. Worth Cattlemen : RHP Armando Romano
|
Batting: RHB Zahid Kashani
|
0-0: Called Strike 0-1: SINGLE (Flyball, 8LS, EV 95.0 MPH)
|
Batting: LHB Palaie Gaoteote
|
0-0: Ball 1-0: Ball 2-0: Called Strike 2-1: Ball 3-1: Fly out, F7 (Line Drive, 7, EV 96.9 MPH)
|
Pitching: RHP WyDale Curry
|
|
Batting: RHB Tae-cho Han
|
0-0: Ball 1-0: Ball 2-0: Foul Ball, location: 2F 2-1: Ball 3-1: SINGLE (Flyball, 78M, EV 89.4 MPH) Zahid Kashani to second
|
Batting: RHB Kawenaula Alohalani
|
0-0: Ball 1-0: Ball Zahid Kashani steals 3rd base 2-0: Swinging Strike 2-1: Ground out 4-3 (Groundball, 34, EV 88.8 MPH) Zahid Kashani scores Tae-cho Han to second
|
Batting: LHB Tom Burton
|
0-0: Ball 1-0: Called Strike 1-1: Called Strike 1-2: Foul Ball, location: 2F 1-2: Ball 2-2: Strikes out looking
|
Top of the 4th over - 1 run, 2 hits, 0 errors, 1 left on base; San Mateo 1 - Ft. Worth 0 |
BOTTOM OF THE 4TH |
Ft. Worth Cattlemen batting - Pitching for San Mateo Dirty Reds : RHP Michael Machen
|
Batting: LHB Semo Hoaloha
|
0-0: Ball 1-0: SINGLE (Line Drive, 89S, EV 98.8 MPH)
|
Batting: LHB Craig Woods
|
0-0: Swinging Strike 0-1: Ball 1-1: Called Strike 1-2: Ball 2-2: Ball 3-2: Fly out, F7 (Flyball, 7, EV 88.8 MPH)
|
Batting: SHB Kolby Hay
|
0-0: 2-RUN HOME RUN (Line Drive, 89XD, EV 95.6 MPH), Distance : 417 ft
|
Batting: RHB Derek Bangert
|
0-0: Called Strike 0-1: Ball 1-1: Foul Ball, location: 2F 1-2: Strikes out swinging
|
Batting: LHB Count Dante
|
0-0: Called Strike 0-1: Ball 1-1: Called Strike 1-2: Foul Ball, location: 2F 1-2: Strikes out looking
|
Bottom of the 4th over - 2 runs, 2 hits, 0 errors, 0 left on base; San Mateo 1 - Ft. Worth 2 |
TOP OF THE 5TH |
San Mateo Dirty Reds batting - Pitching for Ft. Worth Cattlemen : RHP WyDale Curry
|
Batting: LHB Quitério Ruah
|
0-0: Called Strike 0-1: Swinging Strike 0-2: Strikes out swinging
|
Batting: RHB Jesús Gómez
|
0-0: Ball 1-0: Ball 2-0: Ball 3-0: Called Strike 3-1: Foul Ball, location: 2F 3-2: Base on Balls
|
Batting: RHB Ambrose Watkins
|
0-0: Fly out, F7 (Flyball, 7, EV 80.0 MPH)
|
Batting: LHB Richard Edwards
|
0-0: Foul Ball, location: 2F 0-1: Ball 1-1: Ball 2-1: Foul Ball, location: 2F 2-2: Ball 3-2: Foul Ball, location: 2F 3-2: SINGLE (Line Drive, 78M, EV 106.2 MPH) Jesús Gómez to second Jesús Gómez to third
|
Pitching: RHP David Buchanan
|
|
Batting: RHB Zahid Kashani
|
0-0: Ball 1-0: Foul Ball, location: 2F 1-1: SINGLE (Line Drive, 7S, EV 93.1 MPH) Jesús Gómez scores Richard Edwards to second
|
Batting: LHB Palaie Gaoteote
|
0-0: Called Strike 0-1: Swinging Strike 0-2: Ball 1-2: Foul Ball, location: 2F 1-2: Strikes out swinging
|
Top of the 5th over - 1 run, 2 hits, 0 errors, 2 left on base; San Mateo 2 - Ft. Worth 2 |
BOTTOM OF THE 5TH |
Ft. Worth Cattlemen batting - Pitching for San Mateo Dirty Reds : RHP Michael Machen
|
Batting: RHB Tsuneari Hirano
|
0-0: Ball 1-0: Foul Ball, location: 2F 1-1: Fly out, F9 (Line Drive, 9, EV 92.5 MPH)
|
Batting: RHB Lonnie Doble
|
0-0: Foul Ball, location: 2F 0-1: Ball 1-1: Ball 2-1: Reached on error, E1 (Groundball, 34S, EV 68.1 MPH)
|
Batting: RHB Mun-wah Law
|
0-0: Swinging Strike 0-1: Ball 1-1: Ball 2-1: Swinging Strike 2-2: Strikes out swinging
|
Batting: RHB Dennis Wacher
|
0-0: DOUBLE (Flyball, 8RXD, EV 103.8 MPH) Lonnie Doble scores
|
Batting: LHB Semo Hoaloha
|
0-0: Ball Wild Pitch! Dennis Wacher to third 1-0: Fly out, F8 (Flyball, 8LD, EV 82.5 MPH)
|
Bottom of the 5th over - 1 run, 1 hit, 1 error, 1 left on base; San Mateo 2 - Ft. Worth 3 |
TOP OF THE 6TH |
San Mateo Dirty Reds batting - Pitching for Ft. Worth Cattlemen : RHP David Buchanan
|
Batting: RHB Tae-cho Han
|
0-0: Called Strike 0-1: Foul Ball, location: 2F 0-2: Ball 1-2: SINGLE (Line Drive, 78M, EV 108.8 MPH)
|
Batting: RHB Kawenaula Alohalani
|
0-0: Ball 1-0: Ball 2-0: Ball 3-0: Called Strike 3-1: Swinging Strike 3-2: Strikes out looking
|
Batting: LHB Tom Burton
|
0-0: Called Strike 0-1: Swinging Strike 0-2: Ball 1-2: Strikes out looking
|
Batting: LHB Quitério Ruah
|
0-0: Ball 1-0: Ball 2-0: SINGLE (Line Drive, 9S, EV 108.8 MPH) Tae-cho Han to second
|
Batting: RHB Jesús Gómez
|
0-0: Called Strike 0-1: Ball 1-1: Swinging Strike 1-2: Ball 2-2: Fielders Choice at 2nd, 6-4 (Groundball, 6, EV 109.4 MPH)
|
Top of the 6th over - 0 runs, 2 hits, 0 errors, 2 left on base; San Mateo 2 - Ft. Worth 3 |
BOTTOM OF THE 6TH |
Ft. Worth Cattlemen batting - Pitching for San Mateo Dirty Reds : RHP Michael Machen
|
Batting: LHB Craig Woods
|
0-0: Ball 1-0: Ball 2-0: Ball 3-0: Base on Balls
|
Batting: SHB Kolby Hay
|
0-0: Called Strike 0-1: Ball 1-1: Ball 2-1: Foul Ball, location: 2F 2-2: Fielders Choice at 2nd, 3-6 (Groundball, 3, EV 104.4 MPH)
|
Batting: RHB Derek Bangert
|
0-0: Ball 1-0: Foul Ball, location: 2F 1-1: Ball 2-1: Ball 3-1: Called Strike 3-2: Base on Balls Kolby Hay to second
|
Batting: LHB Count Dante
|
0-0: Foul Ball, location: 2F 0-1: Fly out, F8 (Line Drive, 8LM, EV 95.6 MPH)
|
Pitching: RHP Juan Moreno
|
|
Batting: RHB Tsuneari Hirano
|
0-0: 3-RUN HOME RUN (Flyball, 78XD, EV 88.8 MPH), Distance : 426 ft
|
Batting: RHB Lonnie Doble
|
0-0: Ball 1-0: Called Strike 1-1: Ball 2-1: Ball 3-1: Foul Ball, location: 2F 3-2: Base on Balls
|
Batting: RHB Mun-wah Law
|
0-0: SINGLE (Line Drive, 89S, EV 88.8 MPH) Lonnie Doble to second
|
Batting: RHB Dennis Wacher
|
0-0: Ball 1-0: Foul Ball, location: 2F 1-1: Swinging Strike 1-2: Strikes out swinging
|
Bottom of the 6th over - 3 runs, 2 hits, 0 errors, 2 left on base; San Mateo 2 - Ft. Worth 6 |
TOP OF THE 7TH |
San Mateo Dirty Reds batting - Pitching for Ft. Worth Cattlemen : RHP David Buchanan
|
Pitching: RHP Hiroaki Kouda
|
|
Batting: RHB Ambrose Watkins
|
0-0: Foul Ball, location: 2F 0-1: Ground out 4-3 (Groundball, 4D, EV 109.4 MPH)
|
Batting: LHB Richard Edwards
|
0-0: Called Strike 0-1: Ball 1-1: Ball 2-1: Ball 3-1: Foul Ball, location: 2F 3-2: Base on Balls
|
Batting: RHB Zahid Kashani
|
0-0: Ball 1-0: SINGLE (Groundball, 4MD, EV 96.9 MPH) Richard Edwards to second Runner from 2nd tries for 3rd, OUT! 8-5
|
Batting: LHB Palaie Gaoteote
|
0-0: Ball 1-0: Called Strike 1-1: Ground out 4-3 (Groundball, 3, EV 95.0 MPH)
|
Top of the 7th over - 0 runs, 1 hit, 0 errors, 1 left on base; San Mateo 2 - Ft. Worth 6 |
BOTTOM OF THE 7TH |
Ft. Worth Cattlemen batting - Pitching for San Mateo Dirty Reds : RHP Juan Moreno
|
Batting: LHB Semo Hoaloha
|
0-0: Called Strike 0-1: Ball 1-1: SOLO HOME RUN (Flyball, 9LD, EV 112.5 MPH), Distance : 358 ft
|
Batting: LHB Craig Woods
|
0-0: Ground out 4-3 (Groundball, 34D, EV 106.9 MPH)
|
Batting: SHB Kolby Hay
|
0-0: Called Strike 0-1: Foul Ball, location: 2F 0-2: Ball 1-2: Ball 2-2: Strikes out swinging
|
Batting: RHB Derek Bangert
|
0-0: Ball 1-0: SINGLE (Line Drive, 78S, EV 105.0 MPH)
|
Batting: LHB Count Dante
|
0-0: Called Strike 0-1: Called Strike 0-2: Ball 1-2: Strikes out swinging
|
Bottom of the 7th over - 1 run, 2 hits, 0 errors, 1 left on base; San Mateo 2 - Ft. Worth 7 |
TOP OF THE 8TH |
San Mateo Dirty Reds batting - Pitching for Ft. Worth Cattlemen : RHP Hiroaki Kouda
|
Batting: RHB Tae-cho Han
|
0-0: Ball 1-0: Called Strike 1-1: Fly out, F5 (Popup, 5SF, EV 73.8 MPH)
|
Batting: RHB Kawenaula Alohalani
|
0-0: Called Strike 0-1: Called Strike 0-2: Ball 1-2: DOUBLE (Groundball, 5L, EV 103.1 MPH)
|
Batting: LHB Tom Burton
|
0-0: Called Strike 0-1: Swinging Strike 0-2: Strikes out swinging
|
Batting: LHB Quitério Ruah
|
0-0: Called Strike 0-1: Fly out, F9 (Flyball, 9LS, EV 90.6 MPH)
|
Top of the 8th over - 0 runs, 1 hit, 0 errors, 1 left on base; San Mateo 2 - Ft. Worth 7 |
BOTTOM OF THE 8TH |
Ft. Worth Cattlemen batting - Pitching for San Mateo Dirty Reds : RHP Juan Moreno
|
Batting: RHB Tsuneari Hirano
|
0-0: Ball 1-0: Ball 2-0: Ground out 5-3 (Groundball, 56S, EV 82.5 MPH)
|
Batting: RHB Lonnie Doble
|
0-0: Called Strike 0-1: DOUBLE (Flyball, 78XD, EV 110.6 MPH)
|
Batting: RHB Mun-wah Law
|
0-0: SINGLE (Line Drive, 56D, EV 94.4 MPH) Lonnie Doble to third
|
Batting: RHB Dennis Wacher
|
0-0: Swinging Strike 0-1: Called Strike 0-2: Ball 1-2: Foul Ball, location: 2F 1-2: Foul Ball, location: 2F 1-2: Strikes out swinging
|
Batting: LHB Semo Hoaloha
|
0-0: Called Strike 0-1: Foul Ball, location: 2F 0-2: Foul Ball, location: 2F 0-2: Fly out, F9 (Flyball, 9, EV 77.5 MPH)
|
Bottom of the 8th over - 0 runs, 2 hits, 0 errors, 2 left on base; San Mateo 2 - Ft. Worth 7 |
TOP OF THE 9TH |
San Mateo Dirty Reds batting - Pitching for Ft. Worth Cattlemen : RHP Hiroaki Kouda
|
Batting: RHB Jesús Gómez
|
0-0: SINGLE (Flyball, 4D, EV 93.8 MPH)
|
Pitching: RHP Ignacio Uribe
|
|
Batting: RHB Ambrose Watkins
|
0-0: Called Strike 0-1: Swinging Strike 0-2: Strikes out swinging
|
Batting: LHB Richard Edwards
|
0-0: Ball 1-0: Ball 2-0: Ball 3-0: Called Strike 3-1: Foul Ball, location: 2F 3-2: Foul Ball, location: 2F 3-2: Fielders Choice at 2nd, 6-4 (Groundball, 6M, EV 96.2 MPH)
|
Batting: RHB Zahid Kashani
|
0-0: Called Strike 0-1: Ground out 4-3 (Groundball, 4, EV 84.4 MPH)
|
Top of the 9th over - 0 runs, 1 hit, 0 errors, 1 left on base; San Mateo 2 - Ft. Worth 7 |
|